 Dungeon Crawl Stone Soup version 0.30-a0-58-gc0703345a7 (webtiles) character file.

Game seed: 570086896184301379

3 flotson the Sneak (level 1, -3/18 HPs)
             Began as a Demonspawn Delver on Sept 11, 2022.
             Slain by a goblin
             ... wielding a +0 club
              (4 damage)
             ... on level 2 of the Dungeon.
             The game lasted 00:01:11 (189 turns).

flotson the Sneak (Demonspawn Delver)                Turns: 189, Time: 00:01:11

Health: -3/18      AC:  3    Str: 12    XL:     1   Next: 41%
Magic:  1/1        EV: 11    Int: 11    God:
Gold:   4          SH:  0    Dex: 14    Spells: 0/0 levels left

rFire   . . .      SeeInvis .    a - +0 hand axe
rCold   . . .      Faith    .    (no shield)
rNeg    . . .      Spirit   .    b - +0 leather armour
rPois   .          Reflect  .    (no helmet)
rElec   .          Harm     .    (no cloak)
rCorr   .          Rampage  .    (no gloves)
Will    .....                    (no boots)
Stlth   ++........               (no amulet)
HPRegen 0.06/turn                (no ring)
MPRegen 0.07/turn                (no ring)

@: no status effects
A: no striking features
a: no special abilities


You were on level 2 of the Dungeon.
You visited 1 branch of the dungeon, and saw 4 of its levels.

You collected 4 gold pieces.

Inventory:

Hand Weapons
 a - a +0 hand axe (weapon)
Armour
 b - a +0 leather armour (worn)
Wands
 g - a wand of digging (2)
Scrolls
 c - a scroll of fog
 d - a scroll of identify {unknown}
Potions
 h - a potion of curing {unknown}


   Skills:
 + Level 3.0 Fighting
 + Level 1.8 Axes
 + Level 0.1 Armour
 + Level 1.8 Dodging
 - Level 4.5 Stealth
 + Level 0.2 Evocations


You couldn't memorise any spells.
You didn't know any spells.
Your spell library was empty.

Dungeon Overview and Level Annotations

Branches:
Dungeon (5/15)
 Temple: D:4-7

Altars:

Annotations:
D:4 Natasha


Message History

The adder bites you.
You are too injured to fight recklessly!
The adder bites you but does no damage.
Okay, then.
Found a scroll labelled SYTHOXT MUNAPT.
Found a sedimented silvery potion.
The goblin attacks as you move away! The goblin closely misses you.
Found 8 gold pieces.
Found a metallic amethyst potion.
An adder comes into view.
The goblin attacks as you move away! The goblin closely misses you.
The goblin attacks as you move away! The goblin hits you with a +0 club.
You open the door. The goblin hits you but does no damage.
The goblin attacks as you move away! The goblin hits you with a +0 club.
There is an open door here.
Found 13 gold pieces.
The goblin attacks as you move away! The goblin hits you with a +0 club.
Found a dagger.
The goblin attacks as you move away! The goblin barely misses you.
The goblin attacks as you move away! The goblin closely misses you.
A kobold comes into view. It is wielding a +0 whip.
The goblin attacks as you move away! The goblin hits you with a +0 club.
* * * LOW HITPOINT WARNING * * *
Found a stone staircase leading up.
The kobold throws a stone.
The stone closely misses you. The goblin attacks as you move away!
The goblin hits you but does no damage. The goblin attacks as you move away!
The goblin completely misses you.
There is a stone staircase leading up here.
The adder barely misses you. The goblin hits you with a +0 club.
* * * LOW HITPOINT WARNING * * *
You climb upwards.
Found 6 gold pieces, a scale mail and a short sword.
There is a stone staircase leading down here.
Okay, then.
Okay, then.
You closely miss the goblin. You barely miss the adder.
The adder closely misses you. The goblin hits you with a +0 club.
* * * LOW HITPOINT WARNING * * *
The adder bites you but does no damage. The goblin hits you with a +0 club.
You die...

.## . ..
#. ..
.### ##.
).[# ..
#.. .#
#.#g##.#
#.@S..$#
########


You could see an adder and a goblin.

Vanquished Creatures
  An orc (D:3)
  A goblin (D:4)
2 creatures vanquished.

Notes
Turn   | Place    | Note
-------+----------+-------------------------------------------
     0 | D:5      | flotson the Demonspawn Delver began the quest for the Orb.
     0 | D:5      | Reached XP level 1. HP: 18/18 MP: 1/1
    43 | D:5      | Noticed a phantom
    61 | D:4      | Noticed Natasha
    70 | D:4      | Noticed a necrophage
   107 | D:4      | Noticed an iguana
   189 | D:2      | Slain by a goblin

Illustrated notes

Levels and vault maps discovered:
D:2:      layout_basic, basic_altar
D:3:      layout_basic, minivault_14
D:4:      layout_basic, nicolae_sif_muna_condensation, uniq_natasha,
          uniq_sigmund, uniq_robin
D:5:      layout_basic, roderic_serpentine_path, roderic_roman_lattice,
          eino_tiny_chamber, grunt_decor_fettered, uniq_crazy_yiuf_cottage

Action                   || total
-------------------------++-------
Melee: Hand axe          ||    13
Evoke: Wand              ||     1
  Use: Scroll            ||     2
       Potion            ||     1
Armor: Leather armour    ||     6
Dodge: Dodged            ||    15

Table legend: (Time is in decaauts)
 A = Elapsed time spent in this place.
 B = Non-inter-level travel time spent in this place.
 C = Inter-level travel time spent in this place.
 D = Time resting spent in this place.
 E = Time spent auto-exploring this place.
 F = Levels seen in this place.
 G = Mean time per level.
                   A        B        C        D        E       F      G
               +--------+--------+--------+--------+--------+-----+--------+
         Total |    175 |    175 |      0 |     26 |     44 |   4 |   43.8 |
       Dungeon |    175 |    175 |      0 |     26 |     44 |   4 |   43.8 |
               +--------+--------+--------+--------+--------+-----+--------+

Top non-repeatable levels by time:
     D:4: 76 daAuts
     D:5: 56 daAuts
     D:3: 42 daAuts
     D:2: 0 daAuts
